 Dungeon Crawl Stone Soup version 0.29-a0-337-g68df138881 (webtiles) character file.

Game seed: 16823941539555555258

15035 Jortsu the Basher (level 12, -6/75 HPs)
             Began as a Gargoyle Fighter on Apr 17, 2022.
             Was a High Priest of Dithmenos.
             Mangled by a large slime creature (26 damage)
             ... on level 10 of the Dungeon.
             The game lasted 00:17:12 (11999 turns).

Jortsu the Basher (Gargoyle Fighter)               Turns: 11999, Time: 00:17:13

Health: -6/75      AC: 22    Str: 22    XL:     12   Next: 22%
Magic:  0/12       EV: 16    Int: 10    God:    Dithmenos [*****.]
Gold:   1657       SH: 10    Dex: 11    Spells: 11/11 levels left

rFire   . . .      SeeInvis +   d - +5 flail (venom)
rCold   . . .      Faith    .   C - +0 kite shield
rNeg    + . .      Spirit   +   H - +0 acid dragon scales
rPois   ∞          Reflect  .   b - +2 helmet
rElec   +          Harm     .   p - scarf {repulsion}
rCorr   +          Rampage  .   h - +0 pair of gloves
Will    .....                   (no boots)
Stlth   +++.......              i - amulet of guardian spirit
HPRegen 0.22/turn               A - ring of see invisible
MPRegen 0.13/turn               x - +4 ring of evasion

@: wreathed by umbra, repel missiles
A: sickness immunity, AC +8, negative energy resistance 1, electricity
resistance, torment resistance 1, petrification resistance
a: Renounce Religion, Shadow Step, Shadow Form


You were on level 10 of the Dungeon.
You worshipped Dithmenos.
Dithmenos was extremely pleased with you.
You visited 1 branch of the dungeon, and saw 10 of its levels.

You collected 1657 gold pieces.

Inventory:

Hand Weapons
 a - a +1 flail
 d - a +5 flail of venom (weapon)
Armour
 b - a +2 helmet (worn)
 h - a +0 pair of gloves (worn)
 p - a scarf of repulsion (worn)
 C - a +0 kite shield (worn)
 H - +0 acid dragon scales (worn)
Jewellery
 e - a ring of resist corrosion
 i - an amulet of guardian spirit (around neck)
 j - a ring of magical power
 t - a ring of fire
 x - a +4 ring of evasion (right hand)
 A - a ring of see invisible (left hand)
 E - a ring of wizardry
 F - a ring of wizardry
 I - an amulet of magic regeneration
Wands
 v - a wand of polymorph (15)
 z - a wand of iceblast (10)
 D - a wand of paralysis (6)
 G - a wand of charming (11)
 J - a wand of digging (7)
Scrolls
 c - a scroll of enchant armour {unknown}
 o - a scroll of amnesia
 u - 2 scrolls of teleportation
 y - a scroll of silence
 B - 5 scrolls of identify
 K - a scroll of blinking {unknown}
Potions
 f - 5 potions of lignification
 g - a potion of ambrosia
 k - a potion of mutation
 l - a potion of curing
 m - a potion of resistance
 n - 3 potions of attraction
 q - a potion of berserk rage
 r - 2 potions of flight
 s - a potion of haste
 w - a potion of heal wounds


   Skills:
 + Level 8.5 Fighting
 + Level 12.8 Maces & Flails
 + Level 9.0 Armour
 + Level 5.5 Dodging
 + Level 3.5 Stealth
 + Level 9.2 Shields


You had 11 spell levels left.
You didn't know any spells.
Your spell library contained the following spells:

 Spells                   Type           Power      Damage    Failure   Level
 Animate Skeleton         Necr           0%         N/A       71%         1
 Beastly Appendage        Tmut           0%         N/A       71%         1
 Pain                     Necr           0%         1d4       71%         1
 Summon Small Mammal      Summ           0%         N/A       71%         1
 Blink                    Tloc           0%         N/A       85%         2
 Wereblood                Tmut           0%         N/A       85%         2
 Gell's Gravitas          Tloc           0%         N/A       97%         3
 Spider Form              Tmut/Pois      0%         N/A       97%         3
 Teleport Other           Tloc           0%         N/A       97%         3
 Vampiric Draining        Necr           0%         2d6       97%         3
 Fulminant Prism          Conj/Hex       0%         3d6       100%        4
 Iskenderun's Mystic Bla  Conj/Tloc      0%         2d3       100%        4
 Petrify                  Tmut/Erth      0%         N/A       100%        4
 Summon Lightning Spire   Summ/Air       0%         N/A       100%        4
 Agony                    Necr           0%         N/A       100%        5
 Excruciating Wounds      Necr           0%         N/A       100%        5
 Irradiate                Conj/Tmut      0%         3d13      100%        5
 Lee's Rapid Deconstruct  Erth           0%         3d5*      100%        5
 Manifold Assault         Tloc           0%         N/A       100%        5
 Dispersal                Tloc           0%         N/A       100%        6
 Storm Form               Tmut/Air       0%         N/A       100%        7
 Sublimation of Blood     Necr           Unusable   N/A       N/A         2

Dungeon Overview and Level Annotations

Branches:
Dungeon (10/15)            Temple (0/1) D:4            Lair (0/6) D:10
    Orc: D:9-12

Altars:
Dithmenos
Uskayaw

Shops:
D:7 :

Portals:
Abyss: D:7

Annotations:
D:7 2 transporters, Miritol's ghost, novice KoBe


Innate Abilities, Weirdness & Mutations

You are immune to sickness and miasma.
Your stone body is resilient. (AC +8)
You are immune to poison.
You resist negative energy. (rN+)
You are resistant to electric shocks. (rElec)
You are resistant to unholy torment.
You are immune to petrification.


Message History

You block the large slime creature's attack.
The large slime creature attacks as you move away!
You block the large slime creature's attack.
The large slime creature attacks as you move away!
The large slime creature misses you.
The large slime creature attacks as you move away!
The large slime creature hits you but does no damage.
The large slime creature attacks as you move away!
The large slime creature hits you but does no damage.
The large slime creature attacks as you move away!
You block the large slime creature's attack.
The large slime creature looks more healthy.
The large slime creature attacks as you move away!
The large slime creature misses you.
A troll comes into view.
The large slime creature attacks as you move away!
You block the large slime creature's attack.
The large slime creature attacks as you move away!
The large slime creature completely misses you.
The large slime creature attacks as you move away!
You block the large slime creature's attack.
The large slime creature attacks as you move away!
The large slime creature misses you.
You see here a +0 whip.
The large slime creature attacks as you move away!
You block the large slime creature's attack.
Things that are here:
a +0 dagger; a +0 dagger; a +0 robe
Items here: )) [[.
There is an open door here.
The large slime creature attacks as you move away!
You block the large slime creature's attack.
The large slime creature attacks as you move away!
The large slime creature hits you!!
* * * LOW HITPOINT WARNING * * *
The large slime creature attacks as you move away!
You block the large slime creature's attack.
The large slime creature attacks as you move away!
The large slime creature hits you!!
You die...

########### ####.........# ####
#............############# #...
#........................# #...
#..............^.........####...
#..............@JT.......'.)))..
#........................#####..
#........................##.....
##.##'#.....##.......#######.###.
.....>.......................# #.
##.##.#..#.....####...###########
......#..#.....'..#...# .....
..................#.#.. ##...
##.....#...........<+ +..


You could see a large slime creature and a troll.

Vanquished Creatures
  2 two-headed ogres
  2 centaur warriors (D:10)
  3 death yaks (D:10)
  Pikel (D:9)
  2 manticores (D:10)
  A gargoyle (D:10)
  Joseph (D:7)
  Psyche (D:9)
  An unseen horror (D:10)
  A yaktaur (D:10)
  2 efreet (D:10)
  5 trolls (D:10)
  3 hornets (D:10)
  A slime creature (D:10)
  A wraith (D:9)
  3 shadows
  2 vampires (D:10)
  A wyvern (D:9)
  2 steam dragons
  8 yaks (D:10)
  Edmund (D:6)
  Menkaure (D:7)
  2 water moccasins (D:9)
  2 acid dragons (D:9)
  4 ice beasts
  2 sky beasts
  A black bear (D:7)
  4 orc warriors
  An ogre (D:3)
  A phantom (D:4)
  3 kobold brigands (D:10)
  2 bullfrogs
  A scorpion (D:5)
  2 gnoll sergeants
  4 wights (D:9)
  3 killer bees (D:8)
  6 howler monkeys
  3 hounds
  A gnoll shaman (D:6)
  4 orc priests
  3 iguanas
  9 orc wizards
  14 gnolls
  2 adders (D:4)
  2 white imps
  2 ufetubi (D:5)
  6 dart slugs
  A worm (D:3)
  18 orcs
  10 ball pythons
  7 endoplasms
  2 giant cockroaches
  6 goblins
  3 hobgoblins (D:4)
  4 jackals (D:1)
  3 quokkas
  9 bats
  4 frilled lizards
  7 kobolds
  7 rats
210 creatures vanquished.

Vanquished Creatures (others)
  An ogre mage (D:10)
1 creature vanquished.

Grand Total: 211 creatures vanquished

Notes
Turn   | Place    | Note
-------+----------+-------------------------------------------
     0 | D:1      | Jortsu the Gargoyle Fighter began the quest for the Orb.
     0 | D:1      | Reached XP level 1. HP: 14/14 MP: 1/1
   263 | D:1      | Reached XP level 2. HP: 17/19 MP: 2/2
   339 | D:1      | Found a faded altar of an unknown god.
   343 | D:1      | Prayed at the altar of an unknown god.
   343 | D:1      | Became a worshipper of Dithmenos the Shadowed
   343 | D:1      | Reached * piety under Dithmenos
   930 | D:1      | Reached XP level 3. HP: 23/23 MP: 3/3
  1871 | D:2      | Reached ** piety under Dithmenos
  2462 | D:3      | Noticed an ogre
  2489 | D:3      | HP: 1/24 [ogre/+0 giant spiked club (1)]
  2490 | D:3      | Killed an ogre
  2491 | D:3      | Reached skill level 3 in Maces & Flails
  2491 | D:3      | Reached XP level 4. HP: 1/29 MP: 0/4
  2491 | D:3      | Reached XP level 5. HP: 2/33 MP: 0/5
  3774 | D:4      | Reached skill level 1 in Dodging
  3780 | D:4      | Reached skill level 4 in Maces & Flails
  3780 | D:4      | Reached XP level 6. HP: 27/38 MP: 3/6
  3884 | D:4      | Noticed a sky beast
  3941 | D:3      | Killed a sky beast
  4367 | D:4      | Found a hide-covered altar of Uskayaw.
  4658 | D:4      | Found a staircase to the Ecumenical Temple.
  4752 | D:4      | Reached skill level 5 in Armour
  4752 | D:4      | Reached XP level 7. HP: 22/43 MP: 5/7
  5069 | D:4      | Identified a scroll of acquirement
  5069 | D:4      | Acquired 886 gold pieces
  5106 | D:5      | Entered Level 5 of the Dungeon
  5116 | D:5      | Reached skill level 5 in Maces & Flails
  5265 | D:6      | Reached *** piety under Dithmenos
  6085 | D:6      | Noticed Edmund
  6105 | D:6      | Reached XP level 8. HP: 13/48 MP: 4/8
  6110 | D:6      | HP: 2/48 [Edmund/+5 flail of venom (2)]
  6115 | D:6      | Killed Edmund
  6116 | D:6      | Reached skill level 6 in Maces & Flails
  6116 | D:6      | Reached skill level 1 in Stealth
  6151 | D:7      | Found Syfrodd's Book Shoppe.
  6673 | D:6      | Reached skill level 5 in Fighting
  6673 | D:6      | Reached skill level 5 in Shields
  6834 | D:6      | Reached skill level 7 in Maces & Flails
  7060 | D:7      | Noticed Joseph
  7078 | D:7      | Killed Joseph
  7079 | D:7      | Reached XP level 9. HP: 45/54 MP: 7/9
  7189 | D:7      | Noticed Menkaure
  7196 | D:7      | Killed Menkaure
  7265 | D:7      | Reached skill level 8 in Maces & Flails
  7287 | D:7      | Found a transporter.
  7287 | D:7      | Found a transporter.
  7290 | D:7      | Found a one-way gate to the infinite horrors of the Abyss.
  7290 | D:7      | Noticed Miritol's ghost (novice KoBe)
  7902 | D:7      | Noticed a toenail golem
  8090 | D:8      | Reached **** piety under Dithmenos
  8509 | D:8      | Noticed a two-headed ogre
  8528 | D:8      | Killed a two-headed ogre
  8529 | D:8      | Reached skill level 9 in Maces & Flails
  8529 | D:8      | Reached XP level 10. HP: 43/60 MP: 6/10
  9169 | D:9      | Identified the +1 dagger of Success {vorpal, +Blink rPois
                  | Int+4}
  9429 | D:9      | Noticed Pikel
  9435 | D:9      | Killed Pikel
  9436 | D:9      | Reached skill level 10 in Maces & Flails
  9481 | D:9      | Noticed Psyche
  9497 | D:9      | Killed Psyche
  9821 | D:9      | Got the Collected Works on Unholy Rituals and Companions
 10060 | D:10     | Entered Level 10 of the Dungeon
 10117 | D:10     | Found a staircase to the Lair.
 10122 | D:10     | Noticed a death yak
 10124 | D:10     | Noticed a death yak
 10124 | D:10     | Noticed a death yak
 10160 | D:10     | Killed a death yak
 10312 | D:10     | Killed a death yak
 10313 | D:10     | Reached skill level 11 in Maces & Flails
 10313 | D:10     | Reached XP level 11. HP: 56/66 MP: 8/11
 10327 | D:10     | Killed a death yak
 10892 | D:10     | Noticed an ogre mage
 10892 | D:10     | Noticed a centaur warrior
 10896 | D:10     | Noticed a manticore
 10899 | D:10     | Killed an ogre mage
 10902 | D:10     | Killed a manticore
 10913 | D:10     | Killed a centaur warrior
 10942 | D:10     | Noticed a manticore
 10949 | D:10     | Killed a manticore
 10950 | D:10     | Reached skill level 12 in Maces & Flails
 11084 | D:10     | Identified the +9 hand crossbow of the Grave {penet, rN+
                  | Will+ rCorr SInv}
 11084 | D:10     | Noticed a centaur warrior
 11088 | D:10     | Killed a centaur warrior
 11089 | D:10     | Reached skill level 5 in Dodging
 11418 | D:10     | Reached XP level 12. HP: 73/73 MP: 12/12
 11420 | D:10     | Reached ***** piety under Dithmenos
 11451 | D:10     | Noticed a two-headed ogre
 11461 | D:10     | Killed a two-headed ogre
 11999 | D:10     | Mangled by a large slime creature

Illustrated notes

Levels and vault maps discovered:
D:1:      nzn_arrival_water_spiral, layout_basic,
          chequers_ecumenical_altar_twisty, minmay_tromino_v4_a
D:2:      layout_loops_corners, minmay_liquid_box
D:3:      layout_basic
D:4:      layout_basic, mainiacjoe_overflow_alcove_4,
          minmay_temple_entry_statues_pillars, serial_bayou_pond_d,
          minmay_misc_feat_pillars
D:5:      nicolae_cairo_tiling_large_dashed, layout_rooms,
          amcnicky_mini_corridor_feature
D:6:      layout_loops_ring, uniq_edmund
D:7:      layout_basic, gammafunk_ghost_abyssal_escape, nicolae_stop_n_shop_1,
          uniq_menkaure, uniq_joseph
D:8:      layout_basic
D:9:      layout_irregular_city, chequers_decorated_corner,
          kennysheep_generic_room_7, uniq_psyche, uniq_pikel
D:10:     minmay_the_grid_octo_tiled_squarecenter
          [minmay_the_grid_octo_checkerflower, minmay_the_grid_octo_clover,
          minmay_the_grid_octo_odd_swirl, minmay_the_grid_octo_concentric,
          minmay_the_grid_square_5x5_megaprize_checkered,
          minmay_the_grid_square_5x5_longway,
          minmay_the_grid_square_5x5_percent, minmay_the_grid_square_5x5_comb,
          minmay_the_grid_square_5x5_almost_minimal], layout_basic,
          dpeg_lair_monsters, uniq_harold

Skill      XL: |  1  2  3  4  5  6  7  8  9 10 11 12 |
---------------+-------------------------------------+-----
Maces & Flails | 3 4 5 7 9 11 12 | 12.8
Armour         | 4 5 6 7 8 9 |  9.0
Shields        | 4 5 6 8 9 |  9.2
Dodging        | 1 2 4 5 |  5.5
Fighting       | 4 5 6 8 |  8.5
Stealth        | 1 2 3 |  3.5

Action                   |  1- 3 |  4- 6 |  7- 9 | 10-12 || total
-------------------------+-------+-------+-------+-------++-------
Melee: Flail             |   147 |   146 |   228 |   382 ||   903
  Use: Scroll            |     6 |     2 |     9 |     1 ||    18
       Potion            |       |       |     1 |     3 ||     4
 Stab: Distracted        |       |       |       |     1 ||     1
Armor: Scale mail        |   100 |   122 |    72 |    10 ||   304
       Acid dragon scale |       |       |       |   107 ||   107
Dodge: Dodged            |   113 |    94 |   135 |   229 ||   571
       Repelled          |       |       |       |     1 ||     1
Block: Buckler           |    41 |    29 |    47 |       ||   117
       Kite shield       |       |       |    32 |   175 ||   207

Table legend: (Time is in decaauts)
 A = Elapsed time spent in this place.
 B = Non-inter-level travel time spent in this place.
 C = Inter-level travel time spent in this place.
 D = Time resting spent in this place.
 E = Time spent auto-exploring this place.
 F = Levels seen in this place.
 G = Mean time per level.
                   A        B        C        D        E       F      G
               +--------+--------+--------+--------+--------+-----+--------+
         Total |  12104 |  11896 |    208 |   2771 |   6540 |  10 | 1210.4 |
       Dungeon |  12104 |  11896 |    208 |   2771 |   6540 |  10 | 1210.4 |
               +--------+--------+--------+--------+--------+-----+--------+

Top non-repeatable levels by time:
    D:10: 1915 daAuts
     D:1: 1489 daAuts
     D:3: 1484 daAuts
     D:4: 1255 daAuts
     D:7: 1213 daAuts
     D:8: 1059 daAuts
     D:9: 1006 daAuts
     D:6: 982 daAuts
     D:2: 964 daAuts
     D:5: 735 daAuts
